 Dungeon Crawl Stone Soup version 0.31-a0-795-g5eb97db20b (webtiles) character file.

Game seed: 15543457116221606855

28 cforsyth the Sneak (level 3, -2/30 HPs)
             Began as a Djinni Delver on Sept 18, 2023.
             Slain by a phantom (5 damage)
             ... on level 4 of the Dungeon.
             The game lasted 00:01:20 (729 turns).

cforsyth the Sneak (Djinni Delver)                   Turns: 729, Time: 00:01:21

Health: -2/30      AC:  3    Str: 11    XL:     3   Next: 27%
Gold:   81         EV: 12    Int: 13    God:
                   SH:  0    Dex: 14

rFire   + + .        a - +0 falchion
rCold   x . .        (no shield)
rNeg    . . .        b - +0 leather armour
rPois   ∞            (no helmet)
rElec   .            (no cloak)
rCorr   .            (no gloves)
SInv    .            (boots unavailable)
Will    .....        (no amulet)
Stlth   ++           (no ring)
HPRegen 0.25/turn    (no ring)
MPRegen 0.00/turn

%: infuse magic (-3 HP)
@: flying
A: sickness immunity, fire resistance 2, cold vulnerability 1, float, innate
caster, HP casting, extra vitality 1
a: no special abilities


You were on level 4 of the Dungeon.
You visited 1 branch of the dungeon, and saw 2 of its levels.

You collected 108 gold pieces.
You spent 27 gold pieces at shops.

Inventory:

Hand Weapons
 a - a +0 falchion (weapon)
Armour
 b - a +0 leather armour (worn)
Wands
 g - a wand of digging (3)
Scrolls
 c - a scroll of fog
 d - a scroll of revelation
Potions
 f - a potion of haste
 i - 2 potions of curing


   Skills:
 + Level 3.6 Fighting
 - Level 1.7 Long Blades
 - Level 2.1 Dodging
 - Level 4.1 Stealth
 + Level 1.2 Spellcasting
 + Level 1.2 Conjurations
 + Level 1.2 Hexes
   Level 0.0 Charms
 + Level 1.2 Summonings
 + Level 1.2 Necromancy
 + Level 1.2 Translocations
 + Level 1.2 Transmutations
 + Level 1.2 Fire Magic
 + Level 1.2 Ice Magic
 + Level 1.2 Air Magic
 + Level 1.2 Earth Magic
 + Level 1.2 Poison Magic


You knew the following spells:

 Your Spells              Type           Power      Damage    Failure   Level
a - Sandblast             Erth           6%         2d5       22%         1
Your spell library was empty.

Dungeon Overview and Level Annotations

Branches:
Dungeon (5/15)
 Temple: D:4-7

Altars:

Shops:
D:4 *[?


Innate Abilities, Weirdness & Mutations

You are immune to sickness and miasma.
You are immune to poison.
Your flesh is very heat resistant. (rF++)
You are vulnerable to cold. (rC-)
You float through the air rather than walking.
You learn spells naturally, not from books.
Your magical power is your life essence.
You have superior vitality. (+4 MHP)


Message History

No target in view!
No target in view!
No target in view!
No target in view!
No target in view!
No target in view!
A phantom is nearby!
Found a short sword.
You hit the phantom.
The phantom is lightly damaged.
The phantom closely misses you.
You hit the phantom.
The phantom is lightly damaged.
The phantom hits you. The phantom barely misses you.
You closely miss the phantom.
The phantom is lightly damaged.
The phantom hits you.
You barely miss the phantom.
The phantom is lightly damaged.
The phantom hits you.
You hit the phantom.
The phantom is moderately damaged.
The phantom hits you.
The phantom blinks!
You blink.
An orc priest and 2 orcs come into view.
You hit the phantom.
The phantom is moderately damaged.
The orc shouts!
The phantom misses you.
A dart slug comes into view.
You miss the phantom.
The phantom is moderately damaged.
The orc priest miscasts a cantrip.
The phantom completely misses you. The phantom hits you.
You hit the phantom but do no damage.
The phantom is moderately damaged.
The orc priest calls down the wrath of Beogh upon you.
Pain shoots through your body!
* * * LOW HITPOINT WARNING * * *
The phantom hits you.
You die...

##.....## # #..>....#
###. #...)...# ##....
#...>...# ..#
#.####.....## # ..#
#....##...## ##.
#w###.##..#'''#
###..o#..)..###.....#
.o...o.@W.# #######
###...##### ##. #


You could see a phantom, an orc priest, a dart slug and 2 orcs.

Vanquished Creatures
  2 adders (D:5)
  An ufetubus (D:5)
  An orc (D:4)
  A quokka (D:5)
5 creatures vanquished.

Notes
Turn   | Place    | Note
-------+----------+-------------------------------------------
     0 | D:5      | cforsyth the Djinni Delver began the quest for the Orb.
     0 | D:5      | Reached XP level 1. HP: 20/20 MP: 0/0
    20 | D:5      | Reached XP level 2. HP: 6/25 MP: 0/0
   172 | D:5      | Reached skill level 1 in Spellcasting
   172 | D:5      | Reached skill level 1 in Conjurations
   172 | D:5      | Reached skill level 1 in Hexes
   172 | D:5      | Reached skill level 1 in Summonings
   172 | D:5      | Reached skill level 1 in Necromancy
   172 | D:5      | Reached skill level 1 in Translocations
   172 | D:5      | Reached skill level 1 in Transmutations
   172 | D:5      | Reached skill level 1 in Fire Magic
   172 | D:5      | Reached skill level 1 in Ice Magic
   172 | D:5      | Reached skill level 1 in Air Magic
   172 | D:5      | Reached skill level 1 in Earth Magic
   172 | D:5      | Reached skill level 1 in Poison Magic
   238 | D:5      | Noticed a centaur
   270 | D:5      | Reached XP level 3. HP: 26/30 MP: 0/0
   270 | D:5      | Learned a level 1 spell: Sandblast
   323 | D:5      | Noticed an ogre
   325 | D:5      | Noticed a scorpion
   349 | D:4      | Found Onecru Neal's Assorted Antiques.
   349 | D:4      | Found Toth's Antique Armour Emporium.
   349 | D:4      | Found Fyafaff's Magic Scroll Emporium.
   351 | D:4      | Bought a scroll labelled VEATUE BOIH for 27 gold pieces
   718 | D:4      | Noticed a phantom
   729 | D:4      | Slain by a phantom

Illustrated notes

Levels and vault maps discovered:
D:4:      layout_loops_ring, nicolae_shop_distant_corner_stores,
          kennysheep_windowed_goal, uniq_sigmund, uniq_duvessa
D:5:      layout_rooms

Skill      XL: |  1  2 |
---------------+-------+-----
Spellcasting   | 1 |  1.2
Conjurations   | 1 |  1.2
Hexes          | 1 |  1.2
Summonings     | 1 |  1.2
Necromancy     | 1 |  1.2
Translocations | 1 |  1.2
Transmutations | 1 |  1.2
Fire Magic     | 1 |  1.2
Ice Magic      | 1 |  1.2
Air Magic      | 1 |  1.2
Earth Magic    | 1 |  1.2
Poison Magic   | 1 |  1.2
Fighting       | |  3.6
Long Blades    | |  1.7
Dodging        | |  2.1
Stealth        | |  4.1

Action                     || total
---------------------------++-------
  Melee: Falchion          ||    40
         Punch             ||     2
    Use: Scroll            ||     3
   Stab: Sleeping          ||     1
 Armour: Leather armour    ||    34
  Dodge: Dodged            ||    47

Table legend: (Time is in decaauts)
 A = Elapsed time spent in this place.
 B = Non-inter-level travel time spent in this place.
 C = Inter-level travel time spent in this place.
 D = Time resting spent in this place.
 E = Time spent auto-exploring this place.
 F = Levels seen in this place.
 G = Mean time per level.
                   A        B        C        D        E       F      G
               +--------+--------+--------+--------+--------+-----+--------+
         Total |    737 |    737 |      0 |    333 |    217 |   2 |  368.5 |
       Dungeon |    737 |    737 |      0 |    333 |    217 |   2 |  368.5 |
               +--------+--------+--------+--------+--------+-----+--------+

Top non-repeatable levels by time:
     D:5: 372 daAuts
     D:4: 364 daAuts
